 Dungeon Crawl Stone Soup version 0.22-a0-417-g1387785 (webtiles) character file.

645 Mgcat the Chopper (level 7, 0/52 HPs)
             Began as a Demonspawn Fighter on May 14, 2018.
             Slain by Pikel
             ... wielding a +2 whip of flaming
              (2 damage)
             ... on level 4 of the Dungeon.
             The game lasted 00:10:11 (4396 turns).

Mgcat the Chopper (Demonspawn Fighter)              Turns: 4396, Time: 00:10:12

Health: 0/52       AC: 12    Str: 23    XL:     7   Next: 27%
Magic:  7/7        EV:  7    Int: 10    God:
Gold:   0          SH:  9    Dex: 12    Spells: 6/6 levels left

rFire    . . .     SeeInvis .   a - +0 war axe
rCold    . . .     Gourm    .   c - +0 shield
rNeg     . . .     Faith    .   b - +0 scale mail
rPois    .         Spirit   .   h - +0 helmet
rElec    .         Reflect  .   o - +0 cloak
rCorr    .         Harm     .   m - +0 pair of gloves (curse)
MR       .....                  (no boots)
Stlth    ..........             (no amulet)
HPRegen  0.17/turn              (no ring)
MPRegen  0.10/turn              (no ring)

@: mighty, lethally poisoned (0 -> -4)
A: claws 1, iridescent scales 1, powered by pain 1
a: no special abilities


You were on level 4 of the Dungeon.
You were not hungry.

You visited 1 branch of the dungeon, and saw 5 of its levels.

You collected 123 gold pieces.
You spent 123 gold pieces at shops.

Inventory:

Hand Weapons
 a - a +0 war axe (weapon)
Missiles
 k - a javelin (quivered)
Armour
 b - a +0 scale mail (worn)
 c - a +0 shield (worn)
 h - a +0 helmet (worn)
   (You found it on level 2 of the Dungeon)
 m - a cursed +0 pair of gloves (worn)
   (You found it on level 4 of the Dungeon)
 o - a +0 cloak (worn)
   (You found it on level 3 of the Dungeon)
Jewellery
 v - an uncursed ring of magical power {unknown}
   (You took it off an orc wizard on level 4 of the Dungeon)
Wands
 s - a wand of clouds (8)
   (You found it on level 3 of the Dungeon)
Scrolls
 e - 6 scrolls of identify {unknown}
 i - 3 scrolls of magic mapping {!r}
 j - 2 scrolls of enchant armour {unknown}
 r - 2 scrolls of fog {unknown}
 u - a scroll of blinking {unknown}
 w - a scroll of teleportation {unknown}
 x - a scroll of immolation {unknown}
 y - 2 scrolls of remove curse
Potions
 d - 2 potions of might
 g - 3 potions of heal wounds {unknown}
 l - a potion of flight {unknown}
 p - a potion of agility {unknown}
 q - 2 potions of magic {unknown}
 t - a potion of brilliance {unknown}
Comestibles
 f - 5 rations


   Skills:
 + Level 3.5 Fighting
 - Level 7.0 Axes
 - Level 2.6 Armour
 - Level 2.6 Shields
 + Level 1.3 Unarmed Combat


You had 6 spell levels left.
You didn't know any spells.
Your spell library contained the following spells:

 Spells                   Type           Power        Failure   Level  Hunger
 Animate Dead             Necr           N/A          100%        4    #####..
 Recall                   Summ/Tloc      N/A          100%        3    ####...
 Death Channel            Necr           #.........   100%        6    #######
 Simulacrum               Ice/Necr       #.........   100%        6    #######
 Borgnjor's Vile Clutch   Necr/Erth      #.........   100%        5    ######.


Dungeon Overview and Level Annotations

Branches:
Dungeon (5/15)
 Temple: D:4-7

Altars:
Ashenzari
Cheibriados
Dithmenos
Fedhas
Gozag
Hepliaklqana
Makhleb
Qazlal
Trog

Shops:
D:4 *

Annotations:
D:4 Pikel


Innate Abilities, Weirdness & Mutations

You have sharp fingernails.
You are partially covered in iridescent scales. (AC +2)
You sometimes gain a little power by taking damage.


Message History

Unknown command.
Unknown command.
You hit the worker ant but do no damage.
The worker ant bites you.
A slave comes into view.
You hit the worker ant.
The worker ant is moderately wounded.
The worker ant completely misses you.
The worker ant bites you but does no damage.
You block the worker ant's attack. You block Pikel's attack.
You climb upwards.
There is a stone staircase leading down here.
The worker ant bites you but does no damage.
Pikel says, "I just want to get paid!"
You block the worker ant's attack. The worker ant closely misses you.
Pikel says, "You'll fetch a fair price!"
You closely miss the worker ant.
The worker ant is moderately wounded.
The worker ant bites you but does no damage.
You hit the worker ant but do no damage.
The worker ant is moderately wounded.
The worker ant bites you but does no damage.
The worker ant bites you.
You are poisoned.
The worker ant poisons you!
You hit the worker ant but do no damage.
The worker ant is moderately wounded.
You feel sick.
The worker ant bites you but does no damage.
You hit the worker ant but do no damage.
The worker ant is moderately wounded.
You feel sick. The worker ant bites you. You block the worker ant's attack.
You barely miss the worker ant.
The worker ant is moderately wounded.
You feel sick. The worker ant bites you.
You are more poisoned.
The worker ant poisons you!
You barely miss the worker ant.
The worker ant is moderately wounded.
You feel sick.
The worker ant bites you but does no damage.
The worker ant bites you.
You are more poisoned.
The worker ant poisons you!
You barely miss the worker ant.
The worker ant is moderately wounded.
You feel very sick. You block the worker ant's attack. x2
You completely miss the worker ant.
The worker ant is moderately wounded.
You feel sick.
The worker ant bites you but does no damage.
You slash the worker ant!
The worker ant is almost dead.
You feel sick.
The worker ant bites you but does no damage.
You block the worker ant's attack.
Sorry, you're not good enough to have a special ability.
You completely miss the worker ant.
The worker ant is almost dead.
You feel sick. The worker ant barely misses you.
You barely miss the worker ant.
The worker ant is almost dead.
You feel sick. The worker ant closely misses you.
You block the worker ant's attack.
You slash the worker ant!
You kill the worker ant!
You feel sick.
You slash Pikel!
Pikel is moderately wounded.
You feel sick. You block Pikel's attack.
You barely miss Pikel.
Pikel is moderately wounded.
You feel sick. Pikel hits you but does no damage.
You barely miss Pikel.
Pikel is moderately wounded.
You feel sick. Pikel hits you with a whip of flaming.
* * * LOW HITPOINT WARNING * * *
Pikel burns you.
* * * LOW HITPOINT WARNING * * *
Pikel hits you but does no damage.
You feel very mighty all of a sudden.
You feel sick. Pikel hits you but does no damage.
You hit Pikel.
Pikel is heavily wounded.
You feel sick. Pikel barely misses you.
You miss Pikel.
Pikel is heavily wounded.
You feel sick. Pikel barely misses you.
You slice Pikel!!
Pikel is almost dead.
You feel sick. Pikel hits you with a whip of flaming.
* * * LOW HITPOINT WARNING * * *
Pikel burns you.
* * * LOW HITPOINT WARNING * * *
You closely miss Pikel.
Pikel is almost dead.
* * * LOW HITPOINT WARNING * * *
You feel sick. Pikel hits you with a whip of flaming.
You die...

##.#.###..(..........# #..#
#....[....#######...## ####..#
#..#.###..# ##..# #.....# #..#.#
#..# ##..####.....#
####..#.###..#######............#
.................................
..##.##.###..#######........###.#
..##.##.# #..#######.#.####.###.#
#.##.##.###...aK@....#.# #..)..#
#.##.........>########.# ##.....
))#####.####..########.#####.###.
#................................
#.#.#######...########.#####.###.
..#.# #............# #.# #. ..#.#
#..########..# #.# #. #.#.# #..#
#..# #.# #.
#.#.########.########..#####.###.


You could see Pikel and a worker ant.

Vanquished Creatures
  Sigmund (D:3)
  An ogre (D:3)
  A howler monkey (D:4)
  A bullfrog skeleton (D:4)
  An orc priest (D:4)
  Crazy Yiuf (D:3)
  4 orc wizards
  A worker ant (D:4)
  Robin (D:3)
  A gnoll (D:3)
  3 adders
  An ooze (D:2)
  2 dart slugs
  4 leopard geckos
  7 orcs
  3 ball pythons
  7 bats
  4 giant cockroaches
  7 hobgoblins
  6 jackals (D:2)
  2 quokkas
  3 frilled lizards
  21 goblins
  7 kobolds
  9 rats
99 creatures vanquished.

Notes
Turn   | Place    | Note
-------+----------+-------------------------------------------
     0 | D:1      | Mgcat the Demonspawn Fighter began the quest for the Orb.
     0 | D:1      | Reached XP level 1. HP: 18/18 MP: 1/1
    28 | D:1      | Reached skill level 2 in Axes
   212 | D:1      | Gained mutation: You sometimes gain a little power by taking damage. [demonic ancestry]
   212 | D:1      | Reached XP level 2. HP: 24/24 MP: 2/2
   792 | D:2      | Reached skill level 3 in Axes
   814 | D:2      | Reached XP level 3. HP: 25/29 MP: 3/3
  1154 | D:2      | Found a shadowy altar of Dithmenos.
  1281 | D:2      | Found a shattered altar of Ashenzari.
  1287 | D:2      | Found a burning altar of Makhleb.
  1734 | D:2      | Reached XP level 4. HP: 30/35 MP: 4/4
  1880 | D:1      | Reached skill level 4 in Axes
  2088 | D:3      | Noticed Robin
  2107 | D:3      | Killed Robin
  2316 | D:3      | Reached XP level 5. HP: 25/41 MP: 5/5
  2609 | D:3      | Reached skill level 5 in Axes
  2709 | D:3      | Found a snail-covered altar of Cheibriados.
  2715 | D:3      | Noticed an ogre
  2722 | D:3      | HP: 4/41 [ogre/giant club (10)]
  2723 | D:3      | Killed an ogre
  2954 | D:3      | Noticed Sigmund
  2965 | D:3      | Killed Sigmund
  2965 | D:3      | Reached skill level 6 in Axes
  2965 | D:3      | Gained mutation: You are partially covered in iridescent scales. (AC +2) [demonic ancestry]
  2965 | D:3      | Reached XP level 6. HP: 19/47 MP: 6/6
  3252 | D:3      | Found a stormy altar of Qazlal.
  3252 | D:3      | Found a blossoming altar of Fedhas.
  3253 | D:3      | Found a hazy altar of Hepliaklqana.
  3566 | D:3      | Found a runed door.
  3570 | D:3      | Noticed Crazy Yiuf
  3577 | D:3      | Killed Crazy Yiuf
  3691 | D:4      | Found Gawocs's General Store.
  3696 | D:4      | Bought a scroll of remove curse for 39 gold pieces
  3696 | D:4      | Bought a scroll of magic mapping for 45 gold pieces
  3824 | D:4      | Reached skill level 7 in Axes
  3824 | D:4      | Gained mutation: You have sharp fingernails. [demonic ancestry]
  3824 | D:4      | Reached XP level 7. HP: 34/52 MP: 7/7
  4084 | D:4      | Found a bloodstained altar of Trog.
  4099 | D:4      | Reached skill level 1 in Unarmed Combat
  4174 | D:4      | Found an opulent altar of Gozag.
  4299 | D:4      | Bought a scroll of remove curse for 39 gold pieces
  4369 | D:5      | Entered Level 5 of the Dungeon
  4369 | D:5      | Noticed Pikel
  4391 | D:4      | HP: 13/52 [Pikel/whip of flaming (1)]
  4395 | D:4      | HP: 4/52 [Pikel/whip of flaming (6)]
  4396 | D:4      | Slain by Pikel

Vault maps used:
D:1:      ncdulo_wetmaze, serial_forest, infiniplex_forest_straight_3,
          infiniplex_forest_end_3, infiniplex_forest_split,
          infiniplex_forest_clump_tiny, infiniplex_forest_clump_medium,
          infiniplex_forest_clump_large, infiniplex_forest_end_double,
          infiniplex_forest_join, minmay_hedge_maze
D:2:      nicolae_overflow_hidden_temple, old_standard_altar, first_ration,
          minmay_goblin_outpost
D:3:      kb_forest_paths, gammafunk_temple_overflow_claw, cheibriados_altar_1,
          minmay_misc_feat_secret_circle, minmay_misc_feat_alley, uniq_robin,
          uniq_crazy_yiuf_cottage, uniq_sigmund
D:4:      lemuel_doored_altar, lemuel_round_altar, serial_shops, shop
D:5:      temple_doors_e, chequers_big_river, lightli_minifort, uniq_eustachio,
          uniq_pikel

Skill      XL: |  1  2  3  4  5  6  7 |
---------------+----------------------+-----
Axes           | 2 3 4 6 7 |  7.0
Unarmed Combat | 1 |  1.3
Fighting       | |  3.5
Armour         | |  2.6
Shields        | |  2.6

Action                   |  1- 3 |  4- 6 |  7- 9 || total
-------------------------+-------+-------+-------++-------
Melee: War axe           |   139 |   163 |    45 ||   347
Throw: Javelin           |     3 |       |       ||     3
  Use: Scroll            |       |     1 |       ||     1
       Potion            |       |       |     1 ||     1
  Eat: Chunk             |     2 |     8 |     2 ||    12
Armor: Scale mail        |    68 |    70 |    24 ||   162
Dodge: Dodged            |    35 |    48 |    15 ||    98
Block: Shield            |    60 |    73 |    19 ||   152

Table legend:
 A = Spawn XP
 B = Non-spawn XP
 C = Spawn XP percentage of total XP
 D = Spawn monster count
 E = Non-spawn monster count
 F = Spawn count percentage of total count
 G = Total turns spent on level
                    A         B        C        D         E        F      G
               +---------+---------+-------+---------+---------+-------+---------
         Total |       0 |     922 |   0.0 |       0 |      99 |   0.0 |  4396
               +---------+---------+-------+---------+---------+-------+---------
           D:1 |       0 |      29 |   0.0 |       0 |      16 |   0.0 |   797
           D:2 |       0 |      73 |   0.0 |       0 |      30 |   0.0 |  1122
           D:3 |       0 |     524 |   0.0 |       0 |      41 |   0.0 |  1772
           D:4 |       0 |     296 |   0.0 |       0 |      12 |   0.0 |   701
               +---------+---------+-------+---------+---------+-------+---------

Vault maps used:
D:1:      ncdulo_wetmaze, serial_forest, infiniplex_forest_straight_3,
          infiniplex_forest_end_3, infiniplex_forest_split,
          infiniplex_forest_clump_tiny, infiniplex_forest_clump_medium,
          infiniplex_forest_clump_large, infiniplex_forest_end_double,
          infiniplex_forest_join, minmay_hedge_maze
D:2:      nicolae_overflow_hidden_temple, old_standard_altar, first_ration,
          minmay_goblin_outpost
D:3:      kb_forest_paths, gammafunk_temple_overflow_claw, cheibriados_altar_1,
          minmay_misc_feat_secret_circle, minmay_misc_feat_alley, uniq_robin,
          uniq_crazy_yiuf_cottage, uniq_sigmund
D:4:      lemuel_doored_altar, lemuel_round_altar, serial_shops, shop
D:5:      temple_doors_e, chequers_big_river, lightli_minifort, uniq_eustachio,
          uniq_pikel

Table legend:
 A = Turns spent in this place as a percentage of turns spent in the entire game.
 B = Non-inter-level travel turns spent in this place as a percentage of non-inter-level travel turns spent in the entire game.
 C = Inter-level travel turns spent in this place as a percentage of turns spent in this place.
 D = Turns resting spent in this place as a percentage of non-inter-level travel turns spent in this place.
 E = Turns spent auto-exploring this place as a percentage of non-inter-level travel turns spent in this place.
 F = Non-inter-level travel turns spent in this place divided by the number of levels of this place that you've seen.
                   A       B       C       D       E      F
               +-------+-------+-------+-------+-------+----------------------
         Total | 100.0 | 100.0 |   3.4 |   0.0 |  83.7 | 849.6
       Dungeon | 100.0 | 100.0 |   3.4 |   0.0 |  83.7 | 849.6
               +-------+-------+-------+-------+-------+----------------------

Table legend:
 A = Kills in this place as a percentage of kills in entire the game.
 B = Kills by you in this place as a percentage of kills by you in the entire game.
 C = Kills by friends in this place as a percentage of kills by friends in the entire game.
 D = Other kills in this place as a percentage of other kills in the entire game.
 E = Experience gained in this place as a percentage of experience gained in the entire game.
 F = Experience gained in this place divided by the number of levels of this place that you have seen.
                   A       B       C       D       E      F
               +-------+-------+-------+-------+-------+----------------------
         Total | 100.0 | 100.0 |   N/A |   N/A | 100.0 | 184.4
       Dungeon | 100.0 | 100.0 |   N/A |   N/A | 100.0 | 184.4
               +-------+-------+-------+-------+-------+----------------------
